 Dungeon Crawl Stone Soup version 0.30.0-16-gbe6223bb7e (webtiles) character file.

Game seed: 14537998412182278152

50 monsoonserge the Ducker (level 3, 0/22 HPs)
             Began as a Deep Elf Monk on May 21, 2023.
             Slain by Sigmund
             ... wielding a +0 scythe
              (4 damage)
             ... on level 2 of the Dungeon.
             The game lasted 00:04:13 (1349 turns).

monsoonserge the Ducker (Deep Elf Monk)             Turns: 1349, Time: 00:04:13

Health: 0/22       AC:  6    Str:  8    XL:     3   Next: 55%
Magic:  5/5        EV: 11    Int: 16    God:
Gold:   46         SH:  0    Dex: 17    Spells: 2/2 levels left

rFire   . . .        a - +0 short sword
rCold   . . .        d - orb {light}
rNeg    . . .        k - +0 ring mail
rPois   .            q - +0 helmet
rElec   .            (no cloak)
rCorr   .            (no gloves)
SInv    .            (no boots)
Will    .....        (no amulet) Stlth
                     (no ring)
HPRegen 0.23/turn    (no ring)
MPRegen 0.09/turn

%: no passive effects
@: confused, glowing
A: no striking features
a: no special abilities


You were on level 2 of the Dungeon.
You visited 1 branch of the dungeon, and saw 2 of its levels.

You collected 82 gold pieces.
You spent 36 gold pieces at shops.

Inventory:

Hand Weapons
 a - a +0 short sword (weapon)
Missiles
 u - 4 poisoned darts (quivered)
Armour
 b - a +0 robe
 d - an orb of light (worn)
 k - a +0 ring mail (worn)
 q - a +0 helmet (worn)
Scrolls
 e - a scroll of vulnerability {unknown}
 f - a scroll of amnesia {unknown}
 l - 2 scrolls of enchant weapon {unknown}
 o - a scroll of poison {unknown}
 r - 3 scrolls of teleportation
Potions
 c - a potion of ambrosia
 g - a potion of degeneration {unknown}
 h - 2 potions of haste
 i - 2 potions of brilliance {unknown}
 j - 2 potions of magic {unknown}
 m - a potion of attraction {unknown}
 n - a potion of invisibility {unknown}
 p - a potion of berserk rage {unknown}
 s - a potion of heal wounds {unknown}
 t - a potion of might {unknown}


   Skills:
 + Level 2.8 Fighting
 + Level 3.5 Short Blades
 * Level 0.8 Armour
 + Level 4.2 Dodging


You had 2 spell levels left.
You didn't know any spells.
Your spell library contained the following spells:

 Spells                   Type           Power      Damage    Failure   Level
 Cigotuvi's Dreadful Rot  Necr/Pois/Air  0%         N/A       75%         2
 Dispel Undead            Necr           0%         3d6       100%        4
 Death Channel            Necr           0%         N/A       100%        6


Dungeon Overview and Level Annotations

Branches:
Dungeon (2/15)

Altars:

Shops:
D:2 ?

Annotations:
D:2 Sigmund


Message History

The adder is unaffected.
The grasping roots grab you! The grasping roots constrict you.
The adder closely misses you. The grasping roots constrict you.
You hear a shout!
Okay, then.
You hit the adder.
You kill the adder!
Sigmund hits you from afar with a +0 scythe.
The grasping roots constrict you.
You escape the roots grasp.
Sigmund gestures at you while chanting.
You are confused.
You bump into the rock wall.
Sigmund points at you and mumbles some strange words.
You are more confused.
A kobold comes into view. It is wielding a +0 dagger.
Sigmund says, "Now you see me, now you don't..."
Sigmund mumbles some strange words.
Sigmund flickers and vanishes for a moment.
Sigmund barely misses you.
Sigmund zaps a wand.
The roots erupt in riotous growth!
The grasping roots grab you!
Sigmund is unaffected.
The grasping roots constrict you.
You hit Sigmund.
Sigmund is lightly wounded.
Sigmund hits you with a +0 scythe. The grasping roots constrict you.
* * * LOW HITPOINT WARNING * * *
You bump into the rock wall.
Sigmund hits you with a +0 scythe.
* * * LOW HITPOINT WARNING * * *
The grasping roots constrict you.
* * * LOW HITPOINT WARNING * * *
The grasping roots release their grip on you.
You're too confused to move!
Sigmund barely misses you.
Unknown command.
You bump into the rock wall.
Sigmund closely misses you.
You hit Sigmund.
Sigmund is moderately wounded.
Sigmund hits you with a +0 scythe.
You die...

####### #.#..# #.#
......# #.#..# #.#
......# #.#..# #.#
####### #.#..# #.#
# #.#
#.#..########.# #
#.# #.#...........#
#
#.#.#.#.....K######
#####.#.#....###@#
......#...##.# #@#
#########.##.# #.#
##........##.# #.#
#.....######.# #.#
#.....# #.# #.###
#.....# .# #...##
#.....# ####..#
#...).##### +.###.#
#...........
##...#'#


You could see Sigmund (fast, invisible) and a kobold.

Vanquished Creatures
  An adder (D:2)
  2 worms (D:2)
  A dart slug (D:1)
  An endoplasm (D:2)
  A giant cockroach (D:1)
  4 goblins
  A hobgoblin (D:1)
  3 jackals (D:1)
  2 quokkas (D:1)
  4 ball pythons
  5 bats
  2 frilled lizards (D:1)
  A kobold (D:2)
  5 rats
33 creatures vanquished.

Notes
Turn   | Place    | Note
-------+----------+-------------------------------------------
     0 | D:1      | monsoonserge the Deep Elf Monk began the quest for the Orb.
     0 | D:1      | Reached XP level 1. HP: 13/13 MP: 3/3
   142 | D:1      | Reached XP level 2. HP: 14/18 MP: 4/4
   535 | D:1      | Reached skill level 4 in Dodging
   837 | D:2      | Reached XP level 3. HP: 16/22 MP: 5/5
  1035 | D:2      | Found Zuhylina's Magic Scroll Emporium.
  1057 | D:2      | Bought a scroll of teleportation for 36 gold pieces
  1326 | D:2      | Noticed Sigmund
  1349 | D:2      | Slain by Sigmund

Illustrated notes

Levels and vault maps discovered:
D:1:      co_arrival_square_in_a_square_in_a_square, layout_loops_ring,
          chequers_mini_garden
D:2:      layout_basic, serial_shops, nicolae_shop_rolling_square, uniq_sigmund

Skill      XL: |  1  2 |
---------------+-------+-----
Dodging        | 4 |  4.2
Fighting       | |  2.8
Short Blades   | |  3.5
Armour         | |  0.8

Action                     || total
---------------------------++-------
  Melee: Short sword       ||   135
 Armour: Ring mail         ||    33
         Robe              ||     1
  Dodge: Dodged            ||    76
